 Dungeon Crawl Stone Soup version 0.22-a0-374-g5dfd9e3 (webtiles) character file.

15029 Amnesiac the Archer (level 11, 0/64 HPs)
             Began as a Deep Elf Fighter on Apr 27, 2018.
             Was an Elder of Okawaru.
             Hit by a javelin thrown by a minotaur (27 damage)
             ... in a labyrinth.
             The game lasted 00:25:43 (15444 turns).

Amnesiac the Archer (Deep Elf Fighter)             Turns: 15444, Time: 00:25:44

Health: 0/64       AC: 14    Str: 16    XL:     11   Next: 96%
Magic:  15/19      EV: 17    Int: 19    God:    Okawaru [****..]
Gold:   973        SH:  0    Dex: 14    Spells: 3/10 levels left

rFire    . . .     SeeInvis +   a - +0 shortbow
rCold    + . .     Gourm    +   (shield currently unavailable)
rNeg     . . .     Faith    .   c - +3 ring mail
rPois    .         Spirit   .   (no helmet)
rElec    .         Reflect  .   x - +0 cloak
rCorr    .         Harm     .   m - +0 pair of gloves
MR       +....                  G - +0 pair of boots
Stlth    ++........             K - amulet of the gourmand
HPRegen  1.20/turn              l - ring of protection from cold
MPRegen  0.16/turn              A - ring of see invisible

@: brilliant, heroism, very slightly contaminated, regenerating (expiring),
invisible
A: no striking features
a: Heroism, Renounce Religion


You were in a labyrinth.
You worshipped Okawaru.
Okawaru was greatly pleased with you.
You were very full.

You visited 3 branches of the dungeon, and saw 14 of its levels.
You also visited: Labyrinth.

You collected 973 gold pieces.

Inventory:

Hand Weapons
 a - a +0 shortbow (weapon)
 b - a +2 dagger of venom
 J - a +2 scimitar of flaming
Missiles
 g - 176 arrows (quivered)
 h - 308 stones
Armour
 c - a +3 ring mail (worn)
 m - a +0 pair of gloves (worn)
 x - a +0 cloak (worn)
 G - a +0 pair of boots (worn)
 L - a +0 plate armour
Jewellery
 l - a ring of protection from cold (left hand)
 A - a ring of see invisible (right hand)
 B - an uncursed ring of positive energy
 K - an amulet of the gourmand (around neck)
Wands
 j - a wand of digging (11)
 y - a wand of flame (43)
 C - a wand of random effects (38)
Scrolls
 e - a scroll of enchant armour {!r, unknown}
 n - a scroll of amnesia {!r}
 p - 6 scrolls of teleportation {!r}
 u - 9 scrolls of remove curse {!r}
 v - a scroll of fear {!r}
Potions
 d - 2 potions of might {!q}
 i - 2 potions of flight {!q}
 q - 2 potions of heal wounds {!q}
 r - 3 potions of brilliance {!q}
 s - 8 potions of curing {!q}
 w - a potion of ambrosia {!q}
 z - a potion of mutation {!q}
 D - 3 potions of lignification {!q}
 E - 2 potions of magic {!q}
 F - a potion of berserk rage {!q}
 H - a potion of haste {!q}
 I - a potion of resistance {!q}
Comestibles
 f - 10 rations


   Skills:
 * Level 5.3(10.3) Fighting
 - Level 2.0(7.0) Short Blades
 + Level 14.3(19.3) Bows
 * Level 5.3(10.3) Armour
 + Level 5.3(10.3) Dodging
   Level 2.4(7.4) Shields
 - Level 8.0 Invocations
 - Level 8.0 Evocations


You had 3 spell levels left.
You knew the following spells:

 Your Spells              Type           Power        Failure   Level  Hunger
a - Animate Skeleton      Necr           N/A          4%          1    ##.....
r - Regeneration          Chrm/Necr      ##........   12%         3    ####...
s - Conjure Flame         Conj/Fire      ##......     12%         3    ####...


Dungeon Overview and Level Annotations

Branches:
Dungeon (11/15)            Temple (1/1) D:6            Lair (0/6) D:9
    Orc (2/2) D:10
    Elf: Orc:2

Altars:
Ashenzari
Cheibriados
Dithmenos
Elyvilon
Fedhas
Gozag
Hepliaklqana
Kikubaaqudgha
Makhleb
Nemelex Xobeh
Okawaru
Qazlal
Ru
Sif Muna
Trog
Uskayaw
Vehumet
Wu Jian
Xom
Yredelemnul
Zin
The Shining One

Shops:
Orc:2 *

Annotations:
D:2 exclusion: oklob plant


Message History

Eating one of 3 chunks of flesh.
You eat one of the 3 chunks of flesh.
This raw flesh tastes great.
HP restored.
Okay, then.
Really read
o - 3 scrolls of identify {!r}?
As you read the scroll of identify {!r}, it crumbles to dust.
k - a potion of invisibility {!q} Really read
o - 2 scrolls of identify {!r}?
As you read the scroll of identify {!r}, it crumbles to dust.
M - a scroll of immolation {!r} Really read
o - a scroll of identify {!r}?
As you read the scroll of identify {!r}, it crumbles to dust.
n - a scroll of amnesia {!r}
Okay, then.
Okay, then.
Drop what? 38/52 slots (_ for help) (? for menu, Esc to quit)
You drop a scroll of immolation {!r}.
Okay, then.
The floor suddenly vibrates beneath you!
Cast which spell? (? or * to list)
Okay, then.
Okay, then.
Unknown command.
All of the chunks of flesh in your inventory have rotted away.
Evoke which item? (* to show all) (? for menu, Esc to quit)
Okay, then.
Evoke which item? (* to show all) (? for menu, Esc to quit)
That's the wrong kind of item! (Use * to select it.) Evoke which item? (* to show all) (? for menu, Esc to quit)
Okay, then.
Evoke which item? (* to show all) (? for menu, Esc to quit)
Aiming: Dig
Press: ? - help, Shift-Dir - straight line The rock shatters into small pieces.
You hear the creaking of ancient gears!
Found a twisted ruby ring.
Found an escape hatch in the ceiling.
A minotaur comes into view.
It is wielding a polished halberd {elec}.
The minotaur bellows!
The minotaur throws a javelin.
The javelin hits you!
You see here a javelin.
You gain the combat prowess of a mighty hero.
The minotaur throws a javelin.
The javelin hits you.
Really quaff
k - a potion of invisibility {!q}?
You fade into invisibility!
The minotaur throws a javelin.
The javelin barely misses you.
You are very lightly contaminated with residual magic.
Really quaff
r - 4 potions of brilliance {!q}?
You feel clever all of a sudden.
The minotaur throws a javelin.
The javelin barely misses you.
Cast which spell? (? or * to list)
Okay, then.
Cast which spell? (? or * to list)
Your skin crawls.
The minotaur throws a javelin.
The javelin hits you!!
* * * LOW HITPOINT WARNING * * *
The minotaur throws a javelin.
The javelin closely misses you.
You see here 2 javelins.
Casting: Regeneration (safe; 12% risk of failure)
Confirm with . or Enter, or press ? or * to list all spells.
Aiming: Conjure Flame (safe; 12% risk of failure)
Press: ? - help, Dir - move target cursor
Okay, then.
Your skin is crawling a little less now.
The minotaur throws a javelin.
The javelin hits you!!
You die...

. # ########.#
... #. .#.# . ..
. ## ###### ##
###.. # #..
#.... ....#.#
#(#.#.#####.# #.
. #(#. #
...#.###.
#(#.####.##.#..
.
#@#.......#.#.##
#<#.### ### .
#.#.. #. #.#.#
#.#.. #H#.# ..#
#.### ## #.. ###


You could see a minotaur.

Vanquished Creatures
  5 two-headed ogres
  Erica (D:8)
  The ghost of Venturno the Destroyer, a novice DEFE of Sif Muna (D:7)
  The ghost of Pikaro the Basher, a novice BaFi of Uskayaw (D:9)
  Pikel (D:5)
  The ghost of Soeti the Ruffian, a novice DrTm of Makhleb (D:6)
  2 orc knights (Orc:1)
  An ugly thing (D:10)
  Maurice (D:8)
  Joseph (D:9)
  A gargoyle (D:10)
  A troll (D:10)
  6 hippogriffs
  A spriggan (D:10)
  A hungry ghost (D:9)
  Menkaure (D:5)
  Edmund (D:5)
  Duvessa (D:4)
  A hornet zombie (D:10)
  3 ice beasts
  9 orc warriors
  2 black bears
  A sky beast (D:10)
  A necrophage (D:9)
  2 slaves (D:5)
  2 centaurs
  A phantom (D:10)
  11 ogres
  9 big kobolds
  3 bullfrogs
  2 gnoll sergeants (D:10)
  Dowan (D:4)
  A wyvern skeleton (D:10)
  2 scorpions (D:4)
  2 howler monkeys
  A centaur zombie (D:6)
  6 crimson imps
  A jelly (D:7)
  4 orc priests
  3 hounds
  3 iguanas
  A bullfrog skeleton (D:8)
  Ijyb (D:3)
  Natasha (thrice) (D:3)
  6 worker ants
  5 orc wizards
  A killer bee zombie (D:6)
  A hound skeleton (D:5)
  3 gnolls (D:10)
  8 adders
  2 shadow imps
  3 adder skeletons
  4 worms
  4 dart slugs
  6 leopard geckos
  38 orcs
  13 bats
  8 giant cockroaches
  7 goblins
  7 hobgoblins
  16 jackals
  26 kobolds
  A quokka (D:6)
  2 ball pythons
  4 frilled lizards
  A jackal zombie (D:6)
  A leopard gecko skeleton (D:7)
  A quokka skeleton (D:4)
  10 rats
  4 fungi (D:2)
  6 plants (D:2)
292 creatures vanquished.

Notes
Turn   | Place    | Note
-------+----------+-------------------------------------------
     0 | D:1      | Amnesiac the Deep Elf Fighter began the quest for the Orb.
     0 | D:1      | Reached XP level 1. HP: 13/13 MP: 3/3
   104 | D:1      | Reached skill level 1 in Dodging
   230 | D:1      | Reached XP level 2. HP: 8/18 MP: 4/4
   652 | D:1      | Reached XP level 3. HP: 22/22 MP: 5/5
  1127 | D:2      | Found a faded altar of an unknown god.
  1184 | D:2      | Reached XP level 4. HP: 26/27 MP: 6/6
  1578 | D:2      | Found a blossoming altar of Fedhas.
  1596 | D:2      | Noticed an oklob plant
  1719 | D:3      | Noticed Natasha
  1727 | D:3      | Killed Natasha
  1888 | D:4      | Noticed an ogre
  1924 | D:4      | Killed an ogre
  1924 | D:4      | Reached XP level 5. HP: 22/32 MP: 7/7
  2125 | D:3      | Found a radiant altar of Vehumet.
  2125 | D:3      | Found a deep blue altar of Sif Muna.
  2126 | D:3      | Found a stormy altar of Qazlal.
  2137 | D:3      | Found an ornate altar of the Wu Jian Council.
  2343 | D:3      | Noticed Ijyb
  2355 | D:3      | Killed Ijyb
  2369 | D:3      | Reached XP level 6. HP: 38/38 MP: 8/8
  2456 | D:3      | Noticed Natasha
  2464 | D:3      | Killed Natasha
  2464 | D:3      | Reached skill level 1 in Evocations
  2529 | D:3      | Noticed Natasha
  2538 | D:3      | Killed Natasha
  2671 | D:4      | Found a sacrificial altar of Ru.
  3005 | D:4      | Noticed Dowan
  3040 | D:4      | Killed Dowan
  3040 | D:4      | Reached XP level 7. HP: 13/42 MP: 10/12
  3320 | D:4      | Noticed Duvessa
  3483 | D:4      | Killed Duvessa
  3483 | D:4      | Reached skill level 5 in Evocations
  3936 | D:5      | Entered Level 5 of the Dungeon
  4388 | D:5      | Reached skill level 1 in Bows
  4411 | D:5      | Noticed Menkaure
  4419 | D:5      | Noticed Pikel
  4885 | D:5      | Killed Pikel
  4885 | D:5      | Reached skill level 4 in Bows
  4885 | D:5      | Reached XP level 8. HP: 35/48 MP: 15/15
  4951 | D:5      | Noticed Edmund
  4974 | D:5      | Killed Edmund
  4974 | D:5      | Reached skill level 5 in Bows
  5477 | D:5      | Killed Menkaure
  5596 | D:6      | Found a staircase to the Ecumenical Temple.
  5620 | Temple   | Entered the Ecumenical Temple
  5727 | Temple   | Became a worshipper of Warmaster Okawaru
  5845 | D:6      | Reached skill level 6 in Bows
  6018 | D:6      | Noticed Soeti's ghost (novice DrTm)
  6024 | D:6      | Killed Soeti's ghost
  6024 | D:6      | Reached * piety under Okawaru
  6024 | D:6      | Reached skill level 8 in Bows
  6024 | D:6      | Reached XP level 9. HP: 52/52 MP: 17/17
  6224 | D:6      | Reached skill level 1 in Invocations
  6562 | D:6      | Learned a level 3 spell: Conjure Flame
  6702 | D:7      | Noticed Venturno's ghost (novice DEFE)
  6704 | D:6      | Reached ** piety under Okawaru
  6704 | D:6      | Reached skill level 9 in Bows
  6958 | D:7      | Killed Venturno's ghost
  7034 | D:7      | Reached skill level 10 in Bows
  7063 | D:7      | Reached *** piety under Okawaru
  7694 | D:8      | Reached XP level 10. HP: 54/56 MP: 18/18
  7743 | D:8      | Noticed a two-headed ogre
  8437 | D:8      | Noticed Maurice
  8461 | D:8      | Killed Maurice
  8504 | D:8      | Reached skill level 11 in Bows
  8504 | D:8      | Reached skill level 5 in Invocations
  8606 | D:8      | Found a glowing golden altar of the Shining One.
  8656 | D:8      | Noticed Erica
  8669 | D:8      | Killed Erica
  8911 | D:8      | Killed a two-headed ogre
  8911 | D:8      | Reached **** piety under Okawaru
  8911 | D:8      | Received a gift from Okawaru
  8911 | D:8      | Received a gift from Okawaru
  8911 | D:8      | Reached skill level 12 in Bows
  9474 | D:9      | Noticed a two-headed ogre
  9500 | D:9      | Killed a two-headed ogre
  9808 | D:9      | Noticed Joseph
  9837 | D:9      | Killed Joseph
  9837 | D:9      | Reached skill level 13 in Bows
  9837 | D:9      | Reached XP level 11. HP: 29/60 MP: 17/19
  9928 | D:9      | Noticed Pikaro's ghost (novice BaFi)
  9990 | D:9      | Noticed a two-headed ogre
 10000 | D:9      | Killed a two-headed ogre
 10000 | D:9      | Reached ***** piety under Okawaru
 10322 | D:9      | Killed Pikaro's ghost
 10322 | D:9      | Received a gift from Okawaru
 10737 | D:9      | Found a staircase to the Lair.
 10781 | D:10     | Entered Level 10 of the Dungeon
 10781 | D:10     | Noticed a two-headed ogre
 10964 | D:10     | Killed a two-headed ogre
 10964 | D:10     | Received a gift from Okawaru
 11115 | D:10     | Reached skill level 14 in Bows
 11233 | D:10     | Learned a level 3 spell: Regeneration
 11235 | D:10     | Learned a level 1 spell: Animate Skeleton
 12026 | D:10     | Found a staircase to the Orcish Mines.
 12340 | D:10     | Noticed a purple ugly thing
 12686 | D:10     | Killed a purple ugly thing
 12740 | Orc:1    | Entered Level 1 of the Orcish Mines
 13617 | Orc:1    | Noticed an orc knight
 13656 | Orc:1    | Noticed an orc knight
 13656 | Orc:1    | Noticed an orc knight
 14081 | Orc:1    | Killed an orc knight
 14081 | Orc:1    | Reached skill level 5 in Fighting
 14081 | Orc:1    | Reached skill level 5 in Armour
 14081 | Orc:1    | Reached skill level 5 in Dodging
 14406 | Orc:1    | Killed an orc knight
 14604 | Orc:1    | Received a gift from Okawaru
 14716 | Orc:2    | Entered Level 2 of the Orcish Mines
 14716 | Orc:2    | Found Nakoe's General Store.
 14716 | Orc:2    | Noticed an orc high priest
 14716 | Orc:2    | Noticed an orc knight
 14722 | Orc:2    | Noticed an orc sorcerer
 14915 | D:11     | Noticed a two-headed ogre
 14939 | D:11     | Killed a two-headed ogre
 14939 | D:11     | Received a gift from Okawaru
 14968 | D:11     | Found a labyrinth entrance.
 14972 | Lab      | Entered a labyrinth
 15437 | Lab      | Noticed a minotaur
 15444 | Lab      | Hit by a javelin thrown by a minotaur

Vault maps used:
D:1:      dpeg_arrival_concentric_ovals, serial_glass, glass_columns_a,
          glass_columns_a, minmay_tall_x
D:2:      chequers_ecumenical_altar_simple, tgw_fedhas
D:3:      nicolae_overflow_quartered_altars, uniq_natasha, uniq_ijyb
D:4:      black_bear_nest_1, first_ration, nicolae_ru_great_annihilating_truth,
          uniq_duvessa
D:5:      uniq_menkaure, uniq_edmund, uniq_pikel
D:6:      minmay_temple_entry_fiery
D:8:      basic_altar, uniq_maurice, uniq_erica
D:9:      lair_entry_dummy, uniq_joseph
D:10:     kennysheep_orc_monster_closet_entryway, the_bakery,
          nrook_mini_backslash
D:11:     lab_entry_generic, minmay_joined_circles
Temple:   dpeg_five_rooms_temple
Orc:1:    nicolae_orc_accident_1
Orc:2:    grunt_orc_gardens, grunt_orc_garden, grunt_orc_garden,
          grunt_orc_garden, grunt_orc_garden, special_room, led_sif_book,
          uniq_josephine
Lab:      labyrinth_mini_lab

Skill      XL: |  1  2  3  4  5  6  7  8  9 10 11 |
---------------+----------------------------------+-----
Dodging        | 2 3 5 |  5.3
Fighting       | 3 5 |  5.3
Armour         | 3 5 |  5.3
Evocations     | 4 7 8 |  8.0
Bows           | 4 8 10 13 14 | 14.3
Invocations    | 4 7 8 |  8.0
Short Blades   | |  2.0
Shields        | |  2.4

Action                   |  1- 3 |  4- 6 |  7- 9 | 10-12 || total
-------------------------+-------+-------+-------+-------++-------
Melee: Rapier            |    39 |       |       |       ||    39
       Dagger            |   105 |   173 |   141 |   203 ||   622
       Punch             |       |       |       |     1 ||     1
 Fire: Hunting sling     |    54 |       |       |       ||    54
       Shortbow          |       |       |   301 |   737 ||  1038
 Cast: Regeneration      |       |       |       |     1 ||     1
Invok: Heroism           |       |       |     3 |    19 ||    22
       Finesse           |       |       |       |     2 ||     2
Evoke: Wand              |       |       |    13 |    37 ||    50
  Use: Scroll            |     3 |       |    12 |     7 ||    22
       Potion            |       |       |     6 |     3 ||     9
 Stab: Paralysed         |       |     1 |       |       ||     1
       Confused          |       |       |       |     2 ||     2
  Eat: Chunk             |     1 |     6 |     8 |    29 ||    44
       Ration            |       |       |     2 |     1 ||     3
Armor: Scale mail        |    16 |       |    60 |    16 ||    92
       Chain mail        |    74 |    61 |    69 |       ||   204
       Ring mail         |       |       |       |    56 ||    56
Dodge: Dodged            |    29 |    33 |    87 |   148 ||   297
Block: Shield            |    67 |    64 |    56 |       ||   187

Table legend:
 A = Spawn XP
 B = Non-spawn XP
 C = Spawn XP percentage of total XP
 D = Spawn monster count
 E = Non-spawn monster count
 F = Spawn count percentage of total count
 G = Total turns spent on level
                    A         B        C        D         E        F      G
               +---------+---------+-------+---------+---------+-------+---------
         Total |       0 |   21470 |   0.0 |       0 |     280 |   0.0 | 15444
               +---------+---------+-------+---------+---------+-------+---------
           D:1 |       0 |      60 |   0.0 |       0 |      34 |   0.0 |   963
           D:2 |       0 |      56 |   0.0 |       0 |      23 |   0.0 |  1194
           D:3 |       0 |     221 |   0.0 |       0 |      19 |   0.0 |   756
           D:4 |       0 |     691 |   0.0 |       0 |      21 |   0.0 |  1559
           D:5 |       0 |    1252 |   0.0 |       0 |      12 |   0.0 |  1597
           D:6 |       0 |    1558 |   0.0 |       0 |      29 |   0.0 |  1257
           D:7 |       0 |    1666 |   0.0 |       0 |      19 |   0.0 |   814
           D:8 |       0 |    3260 |   0.0 |       0 |      27 |   0.0 |  1066
           D:9 |       0 |    4695 |   0.0 |       0 |      32 |   0.0 |  1882
          D:10 |       0 |    5245 |   0.0 |       0 |      46 |   0.0 |  2064
          D:11 |       0 |     913 |   0.0 |       0 |       3 |   0.0 |    70
         Orc:1 |       0 |    1853 |   0.0 |       0 |      15 |   0.0 |  1549
               +---------+---------+-------+---------+---------+-------+---------
